 Dungeon Crawl Stone Soup version 0.31-a0-968-g24f9ace8b5 (webtiles) character file.

Game seed: 15159680498052251568

19191 jasper the Dealer of Despair (level 12, -1/77 HPs)
             Began as a Deep Elf Earth Elementalist on Oct 27, 2023.
             Was an Elder of Kikubaaqudgha.
             Slain by a yak (13 damage)
             ... on level 2 of the Lair of Beasts.
             The game lasted 00:21:30 (12415 turns).

jasper the Dealer of Despair (DEEE)                Turns: 12415, Time: 00:21:31

Health: -1/77      AC:  9    Str:  5    XL:     12   Next: 34%
Magic:  24/32      EV: 13    Int: 26    God:    Kikubaaqudgha [****..]
Gold:   381        SH:  5    Dex: 15    Spells: 2/23 levels left

rFire   . . .        K - +3 short sword (elec)
rCold   . . .        X - +0 buckler
rNeg    . . .        u - +3 leather armour of Action {Stlth+}
rPois   .            H - +2 helmet
rElec   .            (no cloak)
rCorr   .            (no gloves)
SInv    .            (no boots)
Will    ++...        (no amulet)
Stlth   +++          d - ring of willpower
HPRegen 0.32/turn    n - ring of magical power
MPRegen 0.23/turn

%: no passive effects
@: no status effects
A: no striking features
a: Renounce Religion, Unearth Wretches


You were on level 2 of the Lair of Beasts.
You worshipped Kikubaaqudgha.
Kikubaaqudgha was greatly pleased with you.
You visited 3 branches of the dungeon, and saw 15 of its levels.

You collected 780 gold pieces.
You spent 399 gold pieces at shops.

Inventory:

Hand Weapons
 e - a +0 short sword
 g - a +0 dagger of protection
 i - a +0 war axe
 l - a +0 rapier of draining
 q - a +0 quarterstaff
 y - a +0 flail of holy wrath
 K - a +3 short sword of electrocution (weapon)
Missiles
 f - 98 stones
 s - 9 boomerangs
 O - a throwing net
Armour
 a - a +0 robe
 o - a +0 helmet
 u - the +3 leather armour of Action (worn) {Stlth+}
   (You found it on level 3 of the Dungeon)

   Stlth+:    It makes you more stealthy.
 C - a +0 helmet
 H - a +2 helmet (worn)
 X - a +0 buckler (worn)
Magical Staves
 A - a staff of death
Jewellery
 d - a ring of willpower (left hand)
 j - a +6 ring of strength
 k - a +6 ring of dexterity
 n - a ring of magical power (right hand)
 E - a ring of willpower
 J - a ring of see invisible
 L - a +6 ring of dexterity
 N - a +6 ring of dexterity
 T - an amulet of guardian spirit
 U - a ring of fire
Wands
 G - a wand of flame (16)
 S - a wand of mindburst (2)
Scrolls
 v - 2 scrolls of fog
 z - 3 scrolls of poison
 B - a scroll of identify
 I - a scroll of brand weapon
 M - 7 scrolls of teleportation
 P - 3 scrolls of fear
 Q - a scroll of immolation
 V - a scroll of vulnerability
 W - a scroll of blinking
Potions
 b - a potion of magic
 c - a potion of might
 h - 3 potions of lignification
 m - 3 potions of haste
 p - 2 potions of cancellation
 r - 3 potions of brilliance
 t - 5 potions of degeneration
 w - 4 potions of curing
 x - a potion of berserk rage
 D - 2 potions of attraction
 F - 2 potions of mutation
 R - 2 potions of heal wounds


   Skills:
 - Level 10.0 Fighting
 + Level 7.7 Dodging
 - Level 2.4 Stealth
 + Level 2.3 Shields
 - Level 6.0 Spellcasting
 - Level 7.0 Conjurations
 * Level 11.1 Necromancy
 - Level 1.1 Transmutations
 + Level 2.5 Ice Magic
 - Level 11.0 Earth Magic


You had 2 spell levels left.
You knew the following spells:

 Your Spells              Type           Power      Damage    Failure   Level
a - Sandblast             Erth           100%       2d20      1%          1
b - Passwall              Tmut/Erth      32%        N/A       2%          2
c - Stone Arrow           Conj/Erth      100%       3d13      1%          3
d - Brom's Barrelling Bo  Conj/Erth      53%        2d7       4%          4
e - Sublimation of Blood  Necr           60%        N/A       1%          2
f - Vampiric Draining     Necr           60%        2d10      1%          3
g - Simulacrum            Ice/Necr       21%        N/A       88%         6

Your spell library contained the following spells:

 Spells                   Type           Power      Damage    Failure   Level
 Necrotise                Necr           100%       1d9       1%          1
 Cigotuvi's Dreadful Rot  Necr/Pois/Air  54%        N/A       7%          2
 Dispel Undead            Necr           60%        3d21      2%          4
 Agony                    Necr           60%        N/A       6%          5
 Petrify                  Tmut/Erth      39%        N/A       17%         4
 Death Channel            Necr           30%        N/A       32%         6
 Gell's Gravitas          Tloc           7%         N/A       52%         3
 Inner Flame              Hex/Fire       7%         N/A       52%         3
 Teleport Other           Tloc           7%         N/A       52%         3
 Olgreb's Toxic Radiance  Pois           7%         N/A       90%         4
 Yara's Violent Unravell  Hex/Tmut       5%         3d4       99%         5
 Dispersal                Tloc           3%         N/A       100%        6
 Enfeeble                 Hex            3%         N/A       100%        7
 Discord                  Hex            3%         N/A       100%        8
 Ignition                 Fire           3%         3d4       100%        8


Dungeon Overview and Level Annotations

Branches:
Dungeon (12/15)            Temple (1/1) D:5            Lair (2/5) D:10
    Orc (0/2) D:10
  Swamp: Lair:2-3    Shoals: Lair:2-3     Snake: Lair:2-3    Spider: Lair:2-3

Altars:
Ashenzari
Cheibriados
Dithmenos
Elyvilon
Fedhas
Gozag
Hepliaklqana
Kikubaaqudgha
Makhleb
Nemelex Xobeh
Okawaru
Qazlal
Ru
Sif Muna
Trog
Uskayaw
Vehumet
Wu Jian
Xom
Yredelemnul
Zin
The Shining One

Shops:
D:6 ?**   D:9 *=(*

Annotations:
D:2 Terence
D:12 Snorg


Message History

Aim: a yak (moderately wounded, 91% to hit)
The blast of sand hits the yak!
The yak is heavily wounded.
The yak gores you! The yak misses you. The yak gores you but does no damage.
You block the yak's attack. The yak barely misses you.
You take 10 damage, and have 67/77 hp.
You now have 27/32 mp.
Aiming: Sandblast (safe; 1% risk of failure)
Press: ? - help, Q - select action, (/) - cycle Shift-Dir - straight line, f/p - yak
Aim: a yak (heavily wounded, 91% to hit)
The blast of sand hits the yak!
The yak is almost dead.
The yak gores you!
The yak gores you but does no damage. x2
You take 11 damage, and have 56/77 hp.
You now have 26/32 mp.
Aiming: Sandblast (safe; 1% risk of failure)
Press: ? - help, Q - select action, (/) - cycle Shift-Dir - straight line, f/p - yak
Aim: a yak (almost dead, 91% to hit)
The blast of sand hits the yak.
The yak is almost dead.
You block the yak's attack. The yak gores you. The yak gores you! x2
The yak gores you but does no damage. The yak gores you!
You take 29 damage, and have 27/77 hp.
MASSIVE DAMAGE!!
Aiming: Sandblast (safe; 1% risk of failure)
Press: ? - help, Q - select action, (/) - cycle Shift-Dir - straight line, f/p - yak
Aim: a yak (almost dead, 91% to hit)
The blast of sand hits the yak!!
You kill the yak!
Kikubaaqudgha accepts your kill. You block the yak's attack. The yak gores you.
* * * LOW HITPOINT WARNING * * *
You take 5 damage, and have 22/77 hp.
You now have 25/32 mp.
Aiming: Sandblast (safe; 1% risk of failure)
Press: ? - help, Q - select action, (/) - cycle Shift-Dir - straight line, f - yak
Aim: a yak (91% to hit)
The blast of sand hits the yak.
The yak is lightly wounded.
You block the yak's attack. The yak barely misses you. The yak gores you!
* * * LOW HITPOINT WARNING * * *
The yak gores you!
You die...
Kikubaaqudgha rasps: "You have failed me!
Welcome... death!"

.......................
...............†.......
.......................
.......................
.........<##....P......
..........####.........
..........## .#.#######
#.........P######
#......Y@### P......YY#
#......... ##.........
#..........
##.........#
#.........# #..........


You could see 3 yaks.

Vanquished Creatures
  Erolcha (D:12)
  A catoblepas (Lair:2)
  A two-headed ogre (D:11)
  The ghost of bchevrier the Protected, a novice GnWn of Nemelex Xobeh (D:10)
  3 cyclopes
  2 black mambas
  2 cane toads (Lair:1)
  2 komodo dragons
  4 trolls
  4 blink frogs (Lair:1)
  Sigmund (D:6)
  A shadow (D:12)
  6 spriggans (Lair:1)
  38 yaks
  A wyvern (Lair:1)
  A vampire (D:11)
  2 basilisks (Lair:1)
  A wraith (D:9)
  Menkaure (D:6)
  An acid dragon (D:11)
  5 water moccasins
  Duvessa (D:6)
  3 ice beasts (D:10)
  7 orc warriors
  An ogre (D:5)
  4 centaurs
  3 phantoms
  9 bullfrogs
  A kobold brigand (D:9)
  3 scorpions
  2 gnoll sergeants (D:9)
  6 wights
  Dowan (D:6)
  2 electric eels
  3 hounds
  2 jellies
  12 orc priests
  An iguana (D:6)
  9 orc wizards
  Robin (D:2)
  10 adders
  12 gnolls
  2 shadow imps (D:5)
  5 white imps
  2 howler monkey simulacra (D:10)
  2 ufetubi (D:6)
  2 worms (D:4)
  3 dart slugs
  44 orcs
  4 ball pythons
  5 bats
  12 endoplasms
  3 giant cockroaches
  13 goblins
  7 hobgoblins
  6 jackals (D:1)
  3 quokkas
  3 frilled lizards
  14 kobolds
  5 rats
307 creatures vanquished.

Vanquished Creatures (collateral kills)
  A boulder (D:12)
1 creature vanquished.

Vanquished Creatures (others)
  A boulder (D:12)
1 creature vanquished.

Grand Total: 309 creatures vanquished

Notes
Turn   | Place    | Note
-------+----------+-------------------------------------------
     0 | D:1      | jasper the Deep Elf Earth Elementalist began the quest for
                  | the Orb.
     0 | D:1      | Reached XP level 1. HP: 10/10 MP: 6/6
    52 | D:1      | Reached XP level 2. HP: 14/15 MP: 1/8
    55 | D:1      | Learned a level 2 spell: Passwall
   608 | D:1      | Reached XP level 3. HP: 19/19 MP: 7/9
   670 | D:1      | Learned a level 3 spell: Stone Arrow
   857 | D:2      | Found a faded altar of an unknown god.
  1001 | D:2      | Reached skill level 5 in Earth Magic
  1373 | D:2      | Noticed Robin
  1383 | D:2      | Killed Robin
  1384 | D:2      | Reached XP level 4. HP: 24/24 MP: 10/10
  1731 | D:2      | Noticed Terence
  1926 | D:3      | Reached XP level 5. HP: 28/28 MP: 11/11
  2151 | D:3      | Identified the +3 leather armour of Action {Stlth+}
  2572 | D:4      | Found an iron altar of Okawaru.
  2727 | D:4      | Found a hazy altar of Hepliaklqana.
  2735 | D:4      | Noticed a phantom
  2739 | D:4      | Killed a phantom
  2780 | D:4      | Reached XP level 6. HP: 32/32 MP: 12/12
  2785 | D:4      | Learned a level 4 spell: Brom's Barrelling Boulder
  3476 | D:5      | Entered Level 5 of the Dungeon
  3503 | D:5      | Reached XP level 7. HP: 28/36 MP: 13/13
  3677 | D:5      | Found a staircase to the Ecumenical Temple.
  3684 | Temple   | Entered the Ecumenical Temple
  3737 | Temple   | Became a worshipper of Kikubaaqudgha
  3870 | D:5      | Reached skill level 10 in Earth Magic
  3870 | D:5      | Reached skill level 1 in Fighting
  4317 | D:6      | Noticed Menkaure
  4332 | D:6      | Killed Menkaure
  4333 | D:6      | Reached XP level 8. HP: 46/46 MP: 14/14
  4334 | D:6      | Reached * piety under Kikubaaqudgha
  4334 | D:6      | Received a gift from Kikubaaqudgha
  4338 | D:6      | Learned a level 2 spell: Sublimation of Blood
  4421 | D:6      | Found Huiq's General Store.
  4435 | D:6      | Reached skill level 5 in Fighting
  4488 | D:6      | Found Utoi's Assorted Antiques.
  4504 | D:6      | Found Ahaback's Magic Scroll Shop.
  4661 | D:6      | Bought a potion of haste for 110 gold pieces
  4661 | D:6      | Bought a scroll of fog for 44 gold pieces
  4663 | D:6      | Bought a sedimented coppery potion for 26 gold pieces
  4663 | D:6      | Bought a glowing pink potion for 26 gold pieces
  4665 | D:6      | Bought a scroll of identify for 20 gold pieces
  4720 | D:6      | Noticed Duvessa
  4727 | D:6      | Killed Duvessa
  4727 | D:6      | Noticed Dowan
  4735 | D:6      | Killed Dowan
  4784 | D:6      | Reached XP level 9. HP: 47/56 MP: 15/15
  4961 | D:6      | Noticed Sigmund
  4966 | D:6      | Killed Sigmund
  6022 | D:7      | Reached ** piety under Kikubaaqudgha
  6334 | D:8      | Found a shadowy altar of Dithmenos.
  6343 | D:8      | Found a broken altar of Ashenzari.
  6570 | D:9      | Reached XP level 10. HP: 68/68 MP: 16/16
  6581 | D:9      | Found Noacrecs's Weapon Emporium.
  6745 | D:9      | Found Jamyghepu's General Store.
  6749 | D:9      | Bought a scroll of teleportation for 33 gold pieces
  6810 | D:9      | Found Nacrim's Jewellery Shop.
  6898 | D:9      | Reached skill level 10 in Fighting
  6902 | D:9      | Learned a level 3 spell: Vampiric Draining
  6960 | D:9      | Found Pidobiuz's Assorted Antiques.
  6968 | D:9      | Bought a potion of curing for 60 gold pieces
  6968 | D:9      | Bought a scroll of fear for 80 gold pieces
  7014 | D:9      | Reached skill level 1 in Necromancy
  7393 | D:9      | Reached skill level 5 in Necromancy
  7665 | D:10     | Entered Level 10 of the Dungeon
  7743 | D:10     | Noticed bchevrier's ghost (novice GnWn)
  7769 | D:10     | Found a runed translucent gate.
  7769 | D:10     | Found a runed translucent gate.
  7769 | D:10     | Found a runed translucent gate.
  7795 | D:10     | Found a sacrificial altar of Ru.
  7856 | D:10     | Found a staircase to the Lair.
  7953 | D:10     | Reached *** piety under Kikubaaqudgha
  7953 | D:10     | Received a gift from Kikubaaqudgha
  8332 | D:10     | Found a staircase to the Orcish Mines.
  9146 | D:11     | Noticed a cyclops
  9153 | D:11     | Killed a cyclops
  9194 | D:11     | Reached skill level 1 in Conjurations
  9361 | D:11     | Reached XP level 11. HP: 28/72 MP: 17/17
  9880 | D:11     | Noticed a two-headed ogre
  9888 | D:11     | Killed a two-headed ogre
  9930 | D:11     | Found a blossoming altar of Fedhas.
 10031 | D:11     | Reached skill level 5 in Conjurations
 10197 | D:10     | Killed bchevrier's ghost
 10394 | D:12     | Reached **** piety under Kikubaaqudgha
 10397 | D:12     | Reached skill level 5 in Dodging
 10580 | D:12     | Noticed Erolcha
 10583 | D:12     | Killed Erolcha
 10724 | D:12     | Noticed Snorg
 10731 | D:12     | Noticed a brown ugly thing
 10863 | Lair:1   | Entered Level 1 of the Lair of Beasts
 10935 | Lair:1   | Reached skill level 5 in Spellcasting
 11023 | Lair:1   | Found a sacrificial altar of Ru.
 11367 | Lair:1   | Reached skill level 10 in Necromancy
 11471 | Lair:1   | Reached XP level 12. HP: 73/77 MP: 5/22
 11472 | Lair:1   | Reached skill level 1 in Shields
 11479 | Lair:1   | Learned a level 6 spell: Simulacrum
 11909 | Lair:1   | Reached skill level 1 in Ice Magic
 12265 | Lair:2   | Noticed a catoblepas
 12274 | Lair:2   | Killed a catoblepas
 12415 | Lair:2   | Slain by a yak

Illustrated notes

Levels and vault maps discovered:
D:1:      reono_arrival_mine, layout_basic
D:2:      layout_basic, ebering_ecumenical_altar_webs, uniq_robin, uniq_terence
D:3:      layout_loops_ring
D:4:      layout_gridville, old_standard_altar, lemuel_crystal_altar,
          minivault_1
D:5:      layout_loops_ring, temple_fountains
D:6:      layout_loops_ring, hex_medium, kennysheep_nondescript,
          nicolae_wooded_promenade, uniq_menkaure, uniq_sigmund, uniq_duvessa
D:7:      layout_gridville
D:8:      layout_gridville, mainiacjoe_overflow_swirl
D:9:      layout_grid_maze, serial_shops, shop, shop, shop, shop
D:10:     layout_long_grid, hangedman_ru_absence, lair_entry_dummy, erik_orc_2,
          gammafunk_ghost_icy
D:11:     layout_gridville, fedhas_ov_isle_minmay
D:12:     layout_roguey, enter_trove_5, lightli_corner_chamber, uniq_erolcha,
          uniq_frances, uniq_snorg
Temple:   sentei_temple_godly_chess
Lair:1:   layout_loops_ring, basic_altar, wad_woods_01, lemuel_fruit_fields,
          infiniplex_staircase_pool
Lair:2:   layout_hall_layers, nicolae_snake_entry_warm_welcome, uniq_fannar,
          uniq_sonja

Skill      XL: |  1  2  3  4  5  6  7  8  9 10 11 12 |
---------------+-------------------------------------+-----
Earth Magic    | 4 5 6 7 8 10 11 | 11.0
Fighting       | 3 6 9 10 | 10.0
Necromancy     | 9 10 11 | 11.1
Conjurations   | 2 7 |  7.0
Dodging        | 4 7 |  7.7
Spellcasting   | 5 6 |  6.0
Shields        | 2 |  2.3
Ice Magic      | 2 |  2.5
Stealth        | |  2.4
Transmutations | |  1.1

Action                     |  1- 3 |  4- 6 |  7- 9 | 10-12 || total
---------------------------+-------+-------+-------+-------++-------
  Melee: Short sword       |       |       |       |     1 ||     1
  Throw: Stone             |     2 |     1 |       |       ||     3
         Boomerang         |       |       |     2 |       ||     2
   Cast: Sandblast         |    58 |    85 |   122 |   283 ||   548
         Vampiric Draining |       |       |       |    22 ||    22
         Stone Arrow       |       |       |       |    41 ||    41
         Sublimation of Bl |       |       |       |     5 ||     5
         Brom's Barrelling |       |       |       |     2 ||     2
  Evoke: Wand              |       |       |     8 |     2 ||    10
    Use: Scroll            |     2 |     7 |    13 |     4 ||    26
         Potion            |       |       |     1 |     2 ||     3
 Armour: Robe              |    12 |     2 |       |       ||    14
         Leather armour    |       |    12 |    62 |   181 ||   255
         Skin              |       |       |     6 |     7 ||    13
  Dodge: Dodged            |    12 |    12 |    50 |   140 ||   214
  Block: Buckler           |       |       |       |    10 ||    10

Table legend: (Time is in decaauts)
 A = Elapsed time spent in this place.
 B = Non-inter-level travel time spent in this place.
 C = Inter-level travel time spent in this place.
 D = Time resting spent in this place.
 E = Time spent auto-exploring this place.
 F = Levels seen in this place.
 G = Mean time per level.
                   A        B        C        D        E       F      G
               +--------+--------+--------+--------+--------+-----+--------+
         Total |  12710 |  12189 |    521 |    678 |   9589 |  15 |  847.3 |
       Dungeon |  11044 |  10555 |    489 |    553 |   8366 |  12 |  920.3 |
        Temple |     77 |     77 |      0 |     55 |      0 |   1 |   77.0 |
          Lair |   1589 |   1557 |     32 |     70 |   1223 |   2 |  794.5 |
               +--------+--------+--------+--------+--------+-----+--------+

Top non-repeatable levels by time:
    D:10: 1592 daAuts
  Lair:1: 1406 daAuts
    D:11: 1253 daAuts
     D:9: 1190 daAuts
     D:6: 1070 daAuts
     D:3: 995 daAuts
     D:2: 945 daAuts
     D:1: 857 daAuts
     D:8: 778 daAuts
     D:4: 742 daAuts
     D:5: 709 daAuts
     D:7: 512 daAuts
    D:12: 396 daAuts
  Lair:2: 182 daAuts
  Temple: 77 daAuts
